AoeStats
← thomg42

Arabia

509960362Analyzed
1v1 RM · 4d ago on Sep 28, 2026· 45m 49s· 2 players
Game mode
Random Map
Map size
Tiny (2 player)
Population
200
Speed
Normal
Resources
Standard
Victory
Conquest
Starting age
Dark Age
Ending age
Imperial Age
RankedLock teamsTeams togetherTeam positionsShared explorationLock speedFull tech treeHidden civsTurbo modeCheats
Victory
Defeat
🇫🇷 Persians · France
909
+16
🇦🇷 Sicilians · Argentina
906
-16
Dekaryn
11:07 Feudal Age
14:47 Castle Age
14:35 Double-Bit Axe
14:54 Horse Collar
17:38 Bow Saw
19:33 Ballistics
20:09 Fletching
22:50 Bloodlines
25:59 Husbandry
28:20 Bodkin Arrow
30:44 Pikeman
31:26 Squires
34:49 Imperial Age
33:14 Forging
33:05 Scale Mail Armor
33:38 Loom
35:48 Iron Casting
35:28 Chain Mail Armor
35:21 Halberdier
38:16 Blast Furnace
39:27 Plate Mail Armor
39:11 Light Cavalry
39:30 Cavalier
40:39 Conscription
40:40 Gambesons
40:42 Arson
41:10 Town Watch
41:33 Scale Barding Armor
42:36 Chain Barding Armor
thomg42
10:45 Feudal Age
11:26 Double-Bit Axe
11:43 Horse Collar
12:51 Gold Mining
14:43 Fletching
14:53 Padded Archer Armor
15:04 Forging
14:49 Loom
15:04 Man-at-Arms
22:19 Castle Age
21:04 Scale Barding Armor
23:20 Bow Saw
23:50 Gold Shaft Mining
23:09 Stone Mining
24:54 Chain Barding Armor
25:10 Iron Casting
25:03 Bloodlines
24:53 Husbandry
24:31 Crossbowman
29:28 Stone Shaft Mining
33:46 Wheelbarrow
36:42 Imperial Age
35:12 Kamandaran
35:51 Hand Cart
35:51 Thumb Ring
36:06 Leather Archer Armor
36:54 Ballistics
39:04 Cavalier
40:10 Conscription
40:57 Town Watch
41:16 Heavy Plow
41:54 Plate Barding Armor
41:50 Ring Archer Armor
41:15 Bodkin Arrow
42:21 Blast Furnace
41:45 Town Patrol
41:11 Savar
Connection lost

Rejoining the realm…

Still unreachable

The connection could not be restored.

Session expired

The server has moved on; the page needs a fresh start.